[Event "*** Titled Tuesday Blitz AM"]
[Site "Chess.com"]
[Date "2020.01.07"]
[Round "6"]
[White "Mr_Sinigami"]
[Black "DishonorOnYourCow"]
[Result "1-0"]
[WhiteElo "2547"]
[BlackElo "2241"]
[TimeControl "180+2"]
[EndTime "10:18:54 PST"]
[Termination "Mr_Sinigami won by resignation"]

1. c4 e5 2. Nc3 Nc6 3. Nf3 Nf6 4. g3 Bb4 5. Bg2 d6 6. O-O a6 7. d3 Bg4 8. Nd5 Bc5 9. Bg5 h6 10. Bxf6 gxf6 11. b4 Bd4 12. Rb1 f5 13. b5 axb5 14. cxb5 Ne7 15. Nf6+ Kf8 16. Nxd4 exd4 17.
Rb4 Rxa2 18. Nxg4 fxg4 19. Rxd4 Qd7 20. Qb3 Ra5 21. Rb1 b6 22. Rf4 Ng6 23. Bc6 Qe7 24.
Rxg4 Qxe2 25. Re4 Qa2 26. Qb4 Kg7 27. Rbe1 Rf8 28. Qd4+ Kh7 29. h4 Qd2 30. R4e2 Ne5 31. Rxd2 Nf3+ 32. Bxf3 1-0

[Event "*** Titled Tuesday Blitz AM"]
[Site "Chess.com"]
[Date "2020.01.07"]
[Round "6"]
[White "vlad10898"]
[Black "severomorskij"]
[Result "1/2-1/2"]
[WhiteElo "2722"]
[BlackElo "2884"]
[TimeControl "180+2"]
[EndTime "10:18:56 PST"]
[Termination "Game drawn by repetition"]

1. e4 c5 2. Nf3 Nc6 3. d4 cxd4 4. Nxd4 Nf6 5. Nc3 e5 6. Ndb5 d6 7. Bg5 a6 8. Na3 b5 9. Bxf6 gxf6 10. Nd5 f5 11. Bd3 Be6 12. O-O Bxd5 13. exd5 Ne7 14. c3 e4 15. Bc2 Bg7 16. f3 b4 17. cxb4 Bxb2 18. Ba4+ Kf8 19. Nc4 Bxa1 20. Qxa1 Rg8 21.
fxe4 Rc8 22. Bb3 Ng6 23. exf5 Nh4 24. g3 Qg5 25. Qb1 Rxc4 26. Bxc4 Qe3+ 27. Kh1 Qd2 28. Qe4 Rg4 29. Qe2 Qd4 30. Bb3 Re4 31. Qh5 Qf2 32. Qh6+ Kg8 33. Qg5+ Kf8 34. Qh6+ Kg8 35. Qg5+ Kf8 36.
Qh6+ 1/2-1/2

[Event "*** Titled Tuesday Blitz AM"]
[Site "Chess.com"]
[Date "2020.01.07"]
[Round "6"]
[White "Eliwood44"]
[Black "Blagorod"]
[Result "1-0"]
[WhiteElo "2334"]
[BlackElo "2110"]
[TimeControl "180+2"]
[EndTime "10:18:58 PST"]
[Termination "Eliwood44 won by resignation"]

1. d4 d5 2. c4 Nc6 3. e3 e5 4. dxe5 d4 5. exd4 Qxd4 6. Qxd4 Nxd4 7. Bd3 Be6 8. b3 O-O-O 9. Bb2 Nxb3 10. axb3 Rxd3 11.
Nf3 Rxb3 12. Bd4 a6 13. Nbd2 Rb4 14. O-O Bxc4 15. Rfc1 Bd5 16. Bc3 Rb6 17. Ba5 Rc6 18. Rxc6 Bxc6 19. Nd4 Bd5 20. Rc1 c6 21. Nf1 Ne7 22. Ne3 g6 23. f4 Bg7 24. Bb4 Kd7 25. g3 Rd8 26. Ba5 Re8 27. Rb1 b5 28. Bb4 f6 29. Bxe7 Rxe7 30. Nxd5 cxd5 31. e6+ Kd6 32.
Ra1 Ra7 33. Nxb5+ axb5 34. Rxa7 Bf8 35. Rb7 Kxe6 36. Rxb5 f5 37. Kf2 Bg7 38. Ke3 d4+ 39. Kd3 Bf6 40. h3 h6 41. g4 fxg4 42. hxg4 h5 43.
gxh5 gxh5 44. Rxh5 Bg7 45. Rb5 Bf6 46. Ke4 Bg7 47.
Rb6+ Kf7 48. f5 Bf6 49. Rb7+ Kf8 50. Rd7 Kg8 51. Kd5 Kf8 52. Ke6 Bg5 53. f6 1-0

[Event "*** Titled Tuesday Blitz AM"]
[Site "Chess.com"]
[Date "2020.01.07"]
[Round "6"]
[White "gmcorrales"]
[Black "Sanan_Sjugirov"]
[Result "1-0"]
[WhiteElo "2882"]
[BlackElo "2950"]
[TimeControl "180+2"]
[EndTime "10:18:59 PST"]
[Termination "gmcorrales won by resignation"]

1. e4 e6 2. d4 d5 3. e5 c5 4. c3 Nc6 5. Nf3 Qb6 6. a3 c4 7. Nbd2 Na5 8. Be2 Bd7 9. O-O Ne7 10. Qe1 Qc7 11. Bd1 Nc8 12. h4 Nb6 13. h5 O-O-O 14.
Nh2 Ba4 15. Rb1 Kb8 16. g4 Be7 17. f4 Bxd1 18. Qxd1 Rdg8 19. Ndf3 Nb3 20. Be3 f6 21. Qe2 f5 22. gxf5 exf5 23. Kh1 g6 24. Bf2 Nd7 25. Bh4 Nf8 26. Rg1 Ne6 27. Qe3 gxh5 28. Bf6 Rxg1+ 29. Rxg1 Rf8 30. Ng5 Qd7 31. Nxh7 Rd8 32. Rg6 a6 33. Ng5 Re8 34. Nhf3 Bf8 35. Nxe6 Qxe6 36.
Ng5 Qb6 37. e6 Na5 38. Qe2 Ka7 39. Rg8 Nc6 40. Nh7 Qc7 41. Rxf8 Rxf8 42. Nxf8 Qxf4 43.
e7 Nxe7 44. Bxe7 1-0

[Event "*** Titled Tuesday Blitz AM"]
[Site "Chess.com"]
[Date "2020.01.07"]
[Round "6"]
[White "cancrushyou"]
[Black "Mikasinski"]
[Result "1-0"]
[WhiteElo "2464"]
[BlackElo "2311"]
[TimeControl "180+2"]
[EndTime "10:18:59 PST"]
[Termination "cancrushyou won by resignation"]

1. d4 Nf6 2. c4 g6 3. g3 Bg7 4. Bg2 O-O 5. Nc3 d6 6. Nf3 Nc6 7. O-O a6 8. b3 Bd7 9. d5 Na5 10. Bg5 h6 11. Be3 c5 12. dxc6 Nxc6 13. Nd4 Nxd4 14.
Bxd4 Bc6 15. e4 Nd7 16. Bxg7 Kxg7 17. Qd4+ Kh7 18. Nd5 e5 19. Qd2 Bxd5 20. Qxd5 Nf6 21. Qxb7 Qc8 22. Qxc8 Rfxc8 23. Rfd1 Rc6 24. Rd3 a5 25.
Rad1 Raa6 26. f3 Kg7 27. Bf1 Kf8 28. Rc3 Rab6 29. a3 Ke7 30. Rb1 d5 31. exd5 Nxd5 32. Rd3 Nc7 33. Re3 f6 34. f4 Re6 35. fxe5 Rxe5 36. Rxe5+ fxe5 37. b4 Na6 38. b5 Nc5 39.
Kf2 Ne6 40. Ke3 Kd6 41. Rd1+ Nd4 42. Rxd4+ exd4+ 43. Kxd4 Rb8 44. c5+ Kc7 45. b6+ Kc6 46. Bg2+ Kb5 47. b7 Rd8+ 48. Bd5 Ka6 49. Ke5 Rxd5+ 50.
Kxd5 Kxb7 51. c6+ Kc7 52. Kc5 Kc8 53. a4 Kc7 54. Kb5 h5 55. h4 1-0

[Event "*** Titled Tuesday Blitz AM"]
[Site "Chess.com"]
[Date "2020.01.07"]
[Round "6"]
[White "shanemelaughcm"]
[Black "Safar_From_Afar"]
[Result "0-1"]
[WhiteElo "2311"]
[BlackElo "2114"]
[TimeControl "180+2"]
[EndTime "10:18:59 PST"]
[Termination "Safar_From_Afar won by resignation"]

1. e4 c5 2. d4 cxd4 3. c3 Nf6 4. e5 Nd5 5. Nf3 Nc6 6. Bc4 Nb6 7. Bb3 d5 8. cxd4 Bg4 9. Nc3 e6 10. h3 Bxf3 11.
gxf3 g6 12. Be3 Be7 13. Bh6 Rc8 14. Qd2 f6 15. f4 Kf7 16. O-O-O a5 17. Kb1 Nb4 18.
h4 Nc4 19. Bxc4 Rxc4 20. h5 Qb6 21. Rdg1 Qxd4 22. Qe2 Qd3+ 23. Qxd3 Nxd3 24. Ne2 Nxf2 25. Rh2 Ne4 26. Rhg2 Nd2+ 27. Ka1 Nf3 28. Rf1 Nh4 29. Rh2 Nf5 30. Rfh1 Nxh6 31. hxg6+ hxg6 32. Rxh6 Rxh6 33. Rxh6 Kg7 34. Rh1 Re4 35. exf6+ Bxf6 36. Rh2 d4 37. Kb1 d3 38. Nc1 Rxf4 39. Nxd3 Rf1+ 40. Kc2 g5 41.
Nc5 g4 42. Nxe6+ Kg6 43. Nc5 g3 44. Rg2 Rf2+ 45. Rxf2 gxf2 46. Nxb7 f1=Q 47. Nxa5 Qb5 48. Nb3 Qc4+ 49. Kb1 Qd3+ 50. Kc1 Bg5+ 0-1

[Event "*** Titled Tuesday Blitz AM"]
[Site "Chess.com"]
[Date "2020.01.07"]
[Round "6"]
[White "Atakishiyev04"]
[Black "esskeettit"]
[Result "1-0"]
[WhiteElo "2693"]
[BlackElo "2465"]
[TimeControl "180+2"]
[EndTime "10:19:02 PST"]
[Termination "Atakishiyev04 won by checkmate"]

1. d4 d5 2. c4 e6 3. Nc3 Be7 4. cxd5 exd5 5. Bf4 c6 6. Nf3 Bf5 7. e3 Nd7 8. h3 Ngf6 9. Ne5 O-O 10. g4 Be6 11. Bd3 c5 12. Qf3 cxd4 13. exd4 Qa5 14. O-O Nxe5 15. dxe5 Nd7 16. Rad1 Rfd8 17. a3 Qb6 18. b4 Nf8 19. Ne2 a5 20. b5 Bxa3 21. Bxh7+ Nxh7 22. Qxa3 Qxb5 23. Nd4 Qd7 24. Bg3 Nf8 25. f4 Bxg4 26. hxg4 Qxg4 27. Kg2 Ng6 28. Rd3 Rdc8 29. Kh2 Qh5+ 30. Kg1 Qg4 31. Qb2 Rc7 32.
Qe2 Qxe2 33. Nxe2 Ne7 34. Rb1 Rac8 35. Ra3 Nf5 36. Bf2 Rc2 37. Kf1 d4 38. Nxd4 Rxf2+ 39.
Kxf2 Nxd4 40. Rxa5 Ne6 41. f5 Ng5 42. Rxb7 Rc2+ 43. Kg3 Ne4+ 44. Kf4 Rc4 45. Ke3 Ng5 46. Ra8+ Kh7 47. Rbb8 Re4+ 48. Kd3 g6 49. Rh8+ Kg7 50.
f6# 1-0

[Event "*** Titled Tuesday Blitz AM"]
[Site "Chess.com"]
[Date "2020.01.07"]
[Round "6"]
[White "Hadza_3"]
[Black "Rhinos1"]
[Result "1-0"]
[WhiteElo "2365"]
[BlackElo "2135"]
[TimeControl "180+2"]
[EndTime "10:19:03 PST"]
[Termination "Hadza_3 won on time"]

1. e4 e6 2. Nf3 d5 3. e5 c5 4. g3 Nc6 5. Bg2 Qc7 6. Qe2 Nge7 7. O-O Ng6 8. Re1 a5 9. a4 b6 10. d3 Ba6 11. h4 h5 12. Na3 Nge7 13. Nb5 Bxb5 14.
axb5 Na7 15. c4 Rd8 16. Bf4 Nf5 17. Rad1 Be7 18. Rd2 dxc4 19. dxc4 Nd4 20. Nxd4 cxd4 21. Red1 Bc5 22. Bg5 Rd7 23. Qe4 O-O 24. Bf3 g6 25. Qf4 Rfd8 26. Bf6 Bf8 27. Bxd8 Rxd8 28. Rxd4 Rxd4 29.
Qxd4 Nc8 30. Qd8 Qxc4 31. Bc6 Ne7 32. Qe8 Nd5 33. Bxd5 exd5 34. e6 fxe6 35. Qxe6+ Kh7 36. Qxd5 Qc2 37. b3 Bc5 38. Qf7+ Kh6 39. Qf4+ 1-0

[Event "*** Titled Tuesday Blitz AM"]
[Site "Chess.com"]
[Date "2020.01.07"]
[Round "6"]
[White "dolynachess"]
[Black "Artem_Ilyin"]
[Result "0-1"]
[WhiteElo "2366"]
[BlackElo "2525"]
[TimeControl "180+2"]
[EndTime "10:19:04 PST"]
[Termination "Artem_Ilyin won on time"]

1. d4 Nf6 2. c4 e6 3. g3 d5 4. Bg2 Be7 5. Nf3 O-O 6. O-O dxc4 7.
Ne5 c5 8. dxc5 Qc7 9. Nxc4 Qxc5 10. Qb3 Nc6 11. Be3 Qh5 12. f3 e5 13. Nbd2 Nd4 14. Bxd4 exd4 15. Rad1 Rb8 16. e4 dxe3 17. Nxe3 Be6 18.
Qa4 Bc5 19. Rfe1 Nd5 20. Nf1 Rfe8 21. Kh1 Nb4 22. a3 b5 23. Qa5 Nc6 24. Qd2 Nd4 25. Qf2 Rbd8 26. g4 Qg6 27. Qg3 h5 28. h3 Bb3 29. Rc1 Bd6 30. f4 hxg4 31. Nxg4 Be6 32.
Ne5 Qh6 33. Nh2 Nf5 34. Qf2 Nh4 35. Nhg4 Qh5 36. Rcd1 Nxg2 37. Qxg2 Bxe5 0-1

[Event "*** Titled Tuesday Blitz AM"]
[Site "Chess.com"]
[Date "2020.01.07"]
[Round "6"]
[White "Alopekos"]
[Black "Hydrargyrum_Girl"]
[Result "0-1"]
[WhiteElo "2461"]
[BlackElo "2216"]
[TimeControl "180+2"]
[EndTime "10:19:05 PST"]
[Termination "Hydrargyrum_Girl won by resignation"]

1. d4 Nf6 2. c4 g6 3. Nc3 Bg7 4. e4 d6 5. Nf3 O-O 6. Be2 e5 7. O-O exd4 8. Nxd4 Nc6 9. Nxc6 bxc6 10. Bg5 Re8 11. f3 Rb8 12. Qd2 Ba6 13. Rac1 Qd7 14. Rfd1 Qe6 15. b3 d5 16. cxd5 cxd5 17. Bxa6 Qxa6 18. Nxd5 Nxd5 19. exd5 Re2 20. Qd3 Qxa2 21. Rd2 Rxd2 22. Qxd2 Qxb3 23. Rxc7 Qb6+ 24. Kf1 Qxc7 25. Qe3 Qc4+ 26. Ke1 Rb1+ 27. Kd2 Rb2+ 28. Ke1 Rb1+ 29. Kd2 Qc1+ 30. Kd3 Rb3+ 31. Ke4 Rxe3+ 32. Bxe3 f5+ 33.
Kf4 Bh6+ 34. Kg3 Qxe3 0-1

[Event "*** Titled Tuesday Blitz AM"]
[Site "Chess.com"]
[Date "2020.01.07"]
[Round "6"]
[White "NewBornNow"]
[Black "BIG_Pirate"]
[Result "1-0"]
[WhiteElo "2674"]
[BlackElo "2407"]
[TimeControl "180+2"]
[EndTime "10:19:09 PST"]
[Termination "NewBornNow won by checkmate"]

1. e4 d5 2. exd5 Qxd5 3. Nc3 Qa5 4. d4 Nf6 5. Bc4 Nc6 6. d5 Nb4 7. Nge2 Bg4 8. h3 Bxe2 9. Qxe2 Nbxd5 10. O-O Nxc3 11.
bxc3 e6 12. Rb1 O-O-O 13. Rb5 Qxc3 14. Be3 b6 15. Qf3 Kb8 16. Bd3 Rd5 17. Rb3 Qe5 18.
Rfb1 Bd6 19. g3 Qh5 20. g4 Qe5 21. c4 Ra5 22. Rb5 Rxb5 23. Rxb5 Qc3 24. Rb3 Qa1+ 25.
Rb1 Qe5 26. a4 h5 27. g5 Nd7 28. a5 Nc5 29. Bxc5 Bxc5 30. a6 c6 31. h4 Kc7 32.
Qxf7+ Kd6 33. Qf3 Bd4 34. c5+ Kxc5 35. Rc1+ Bc3 36. Be4 Kb4 37. Bxc6 Rd8 38. Rb1+ Ka3 39. Bb5 Rd2 40. Bc4 Ka4 41. Qc6+ b5 42. Bxb5+ Ka3 43. Qc4 Rb2 44. Qa4# 1-0

[Event "*** Titled Tuesday Blitz AM"]
[Site "Chess.com"]
[Date "2020.01.07"]
[Round "6"]
[White "Shivagami"]
[Black "Ovsiannikov_Maxim"]
[Result "0-1"]
[WhiteElo "2137"]
[BlackElo "2383"]
[TimeControl "180+2"]
[EndTime "10:19:09 PST"]
[Termination "Ovsiannikov_Maxim won by resignation"]

1. d4 d5 2. Bf4 Nc6 3. e3 Bf5 4. c4 dxc4 5. Bxc4 e5 6. Qb3 exf4 7. Bxf7+ Ke7 8. Bxg8 Kf6 9. Qf7+ Kg5 10. Nf3+ Kh6 11. g4 Bb4+ 12. Nc3 Bxc3+ 13. bxc3 g6 14. gxf5 Qxg8 15.
Qf6 fxe3 16. fxe3 Re8 17. Kd2 Qf8 18. Qg5+ Kg7 19. Rhg1 Ne7 20. fxg6 hxg6 21. Ne5 Rxh2+ 22. Kd3 Qf2 23. Rae1 Qc2+ 24. Kc4 Qxa2+ 25. Kd3 Qc2+ 26. Kc4 Qa4+ 27. Kd3 Qb5+ 28. c4 Qb3+ 29. Ke4 Qc2+ 30. Kf4 Rf8+ 31. Kg4 Rg2+ 32. Rxg2 Qxg2+ 33. Kh4 Rh8+ 0-1

[Event "*** Titled Tuesday Blitz AM"]
[Site "Chess.com"]
[Date "2020.01.07"]
[Round "6"]
[White "KaydenTroffChess"]
[Black "AwareIdea"]
[Result "0-1"]
[WhiteElo "2696"]
[BlackElo "2545"]
[TimeControl "180+2"]
[EndTime "10:19:13 PST"]
[Termination "AwareIdea won by resignation"]

1. d4 Nf6 2. Nf3 e6 3. Bf4 Bd6 4. Bg3 Bxg3 5. hxg3 d5 6. e3 Nbd7 7. Nbd2 c6 8. c3 Qe7 9. Bd3 e5 10. dxe5 Nxe5 11. Nxe5 Qxe5 12. Nf3 Qe7 13. Qc2 Bg4 14. Nd4 O-O-O 15. Rh4 Be6 16. Qa4 Kb8 17. Nxc6+ bxc6 18. Rb4+ Kc7 19. Qxa7+ Kd6 20. Rb7 Nd7 21. f4 Ra8 22. Qd4 c5 23. Qe5+ Nxe5 24. fxe5+ Kxe5 25. Rxe7 Rhb8 26. b3 Kd6 27. Rxe6+ fxe6 28. Bxh7 Rxb3 29. a4 Rxc3 30.
Kd2 Rc4 31. Bc2 Ra5 32. e4 d4 33. Rb1 Rb4 34. Rf1 Ra7 35. Rf8 c4 36. Rd8+ Ke5 37. Rc8 d3 38. Bd1 Rbxa4 39. Bxa4 Rxa4 40. Ke3 g6 41. Rc6 g5 42. g4 Rb4 43. Rc5+ Kd6 44. Rxg5 Rb2 45. Rg8 d2 46. Rd8+ Ke5 47. g5 c3 48. g6 Rb7 49. Ke2 Rc7 50. g3 c2 51. g7 d1=Q+ 0-1

[Event "*** Titled Tuesday Blitz AM"]
[Site "Chess.com"]
[Date "2020.01.07"]
[Round "6"]
[White "crescentmoon2411"]
[Black "fireheart92"]
[Result "1/2-1/2"]
[WhiteElo "3051"]
[BlackElo "2930"]
[TimeControl "180+2"]
[EndTime "10:19:14 PST"]
[Termination "Game drawn by agreement"]

1. e4 g6 2. d4 Bg7 3. Nc3 d6 4. Be3 a6 5. Nf3 Nd7 6. Qd2 b5 7. a4 b4 8. Nd5 Ngf6 9. Nxf6+ Nxf6 10. Bd3 Bb7 11. d5 O-O 12. Qxb4 Qc8 13. O-O c6 14. c4 Ng4 15. dxc6 Bxc6 16. Bd4 e5 17. Bb6 f5 18. Rae1 Nf6 19. Nd2 Bh6 20. Be3 Bxe3 21. Rxe3 Rb8 22. Qc3 f4 23. Re2 Bxa4 24. Ra1 Bc6 25.
c5 Bb5 26. Bxb5 axb5 27. Qb3+ Kh8 28. cxd6 Rb6 29. Nf3 Nd7 30. Rd1 Qc4 31. Qxc4 bxc4 32. Rc2 Rb4 33. h3 Rfb8 34. Rd5 Rxb2 35. Rxc4 Rb1+ 36.
Kh2 Rf1 37. Nd2 Rxf2 38. Rc7 Rb2 39. Rxd7 Rbxd2 40. Rxd2 Rxd2 41. Re7 Rxd6 42. Rxe5 Kg7 43. Re7+ Kf6 44. Rxh7 Re6 45. Kg1 Rxe4 46. Kf2 Ra4 1/2-1/2

[Event "*** Titled Tuesday Blitz AM"]
[Site "Chess.com"]
[Date "2020.01.07"]
[Round "6"]
[White "Gogolev_Artemy"]
[Black "Witik"]
[Result "0-1"]
[WhiteElo "2430"]
[BlackElo "2672"]
[TimeControl "180+2"]
[EndTime "10:19:16 PST"]
[Termination "Witik won by resignation"]

1. d4 Nf6 2. c4 g6 3. Nc3 Bg7 4. e4 d6 5. Nf3 O-O 6. Be2 e5 7. O-O Nc6 8. d5 Ne7 9. b4 Nh5 10. Re1 Nf4 11. Bf1 a5 12. Ba3 axb4 13. Bxb4 Bg4 14.
h3 Bxf3 15. Qxf3 c5 16. dxc6 Nxc6 17. Rab1 Ne6 18. a3 Ned4 19. Qd3 f5 20. Nb5 Nxb4 21.
axb4 fxe4 22. Qxe4 Nxb5 23. cxb5 d5 24. Qe3 Qf6 25.
Rbd1 d4 26. Bc4+ Kh8 27. Qd2 Ra3 28. Bd5 b6 29. Rc1 Qh4 30. Rc6 d3 31. Rxb6 Qd4 32. Rd6 e4 33. Rd7 Qc3 34. Qxc3 Bxc3 35. Rd1 d2 36. Bxe4 Rb3 37. Rd3 Re8 38. Bf3 Re1+ 39. Kh2 Be5+ 40. g3 Rxd3 41. b6 Rxd1 42. Bxd1 Rc3 43.
b7 Rc1 44. f4 Bb8 0-1

[Event "*** Titled Tuesday Blitz AM"]
[Site "Chess.com"]
[Date "2020.01.07"]
[Round "6"]
[White "peteseeger"]
[Black "Atanejhad"]
[Result "0-1"]
[WhiteElo "2171"]
[BlackElo "2409"]
[TimeControl "180+2"]
[EndTime "10:19:18 PST"]
[Termination "Atanejhad won by resignation"]

1. e4 e5 2. Nf3 Nc6 3. Bc4 Bc5 4. c3 Qe7 5. O-O d6 6. d3 a6 7. a4 Nf6 8. Nbd2 h6 9. Re1 O-O 10. h3 Ba7 11. Nf1 Be6 12. Bxe6 fxe6 13. Be3 Bxe3 14.
Nxe3 Nh5 15. g3 Rf7 16. Nh2 Nf6 17. Neg4 Raf8 18. Rf1 d5 19. Nxf6+ Rxf6 20. Qe2 Qc5 21. Ng4 R6f7 22. Rad1 d4 23. c4 Qb4 24. Qc2 h5 25. Nh2 g6 26. Rde1 Na5 27. Kh1 Nb3 28.
f3 Nc5 29. g4 Qb3 30. Qg2 Nxd3 31. gxh5 Nxe1 32. Qxg6+ Rg7 33. Qxe6+ Kh7 34. h6 Rgf7 35. Rxe1 Qb6 36. Qg4 Qxh6 37. Rg1 Rg7 0-1

[Event "*** Titled Tuesday Blitz AM"]
[Site "Chess.com"]
[Date "2020.01.07"]
[Round "6"]
[White "manitodeplomo"]
[Black "rasmussvane"]
[Result "0-1"]
[WhiteElo "2701"]
[BlackElo "2874"]
[TimeControl "180+2"]
[EndTime "10:19:19 PST"]
[Termination "rasmussvane won by checkmate"]

1. d4 d5 2. c4 e6 3. Nf3 a6 4. c5 Nf6 5. Nc3 Nc6 6. Bg5 h6 7. Bh4 g5 8. Bg3 Nh5 9. e3 Nxg3 10.
hxg3 Bg7 11. Rc1 Qe7 12. a3 O-O 13. b4 Rd8 14. Qb3 b6 15. cxb6 cxb6 16. Nxd5 Rxd5 17. Rxc6 Bb7 18. Rxb6 Qc7 19. Rxb7 Qxb7 20. Bc4 Rdd8 21. O-O a5 22. Rb1 axb4 23. axb4 Bf6 24. b5 Kg7 25.
Be2 Qb6 26. Nd2 Qa5 27. Nc4 Qa2 28. Bf3 Qxb3 29. Rxb3 Ra1+ 30. Kh2 Rc8 31. Bc6 g4 32. Nd6 Rb8 33. b6 Be7 34. Ne8+ Kf8 35. b7 h5 36.
e4 Rd1 37. d5 exd5 38. exd5 Rd2 39. f3 Rc2 40. fxg4 hxg4 41. Nc7 Ra2 42. Rb6 Kg7 43.
Ra6 Rh8+ 44. Kg1 Bc5+ 45. Kf1 Rf2+ 46. Ke1 Rh1# 0-1

[Event "*** Titled Tuesday Blitz AM"]
[Site "Chess.com"]
[Date "2020.01.07"]
[Round "6"]
[White "GMKrikor"]
[Black "Arystanner"]
[Result "0-1"]
[WhiteElo "2863"]
[BlackElo "2741"]
[TimeControl "180+2"]
[EndTime "10:19:19 PST"]
[Termination "Arystanner won by resignation"]

1. e4 e5 2. Bc4 Nf6 3. d3 Nc6 4.
Nc3 Bc5 5. f4 d6 6. Nf3 Be6 7.
Bxe6 fxe6 8. Na4 Bb4+ 9. c3 Ba5 10. b4 Bb6 11. Nxb6 axb6 12. b5 Ne7 13. fxe5 dxe5 14.
Nxe5 O-O 15. O-O Qd6 16. Nc4 Qc5+ 17. Be3 Qxb5 18. Qb3 Qh5 19. h3 Kh8 20. Bd4 b5 21.
Ne5 c6 22. Qxe6 Rae8 23. Nd7 Ned5 24. Nxf6 Nxf6 25. Qf5 Qxf5 26. Rxf5 Nd7 27. Rxf8+ Nxf8 28. Rf1 Ne6 29. Be5 Kg8 30. d4 Nc5 31. Rf4 Nd3 32. Rf5 g6 33. Rg5 Nxe5 34. dxe5 Kf7 35. h4 h6 36. Rg4 Rxe5 37. Kf2 Rc5 38. Rg3 Rc4 39.
Re3 Ke6 40. Kf3 Ra4 41. Re2 Ra3 42. Rc2 b4 43. Ke3 Rxc3+ 44. Rxc3 bxc3 45. Kd3 Ke5 46. a4 b6 0-1

[Event "*** Titled Tuesday Blitz AM"]
[Site "Chess.com"]
[Date "2020.01.07"]
[Round "6"]
[White "WelshTiger"]
[Black "Usurpov"]
[Result "1/2-1/2"]
[WhiteElo "2386"]
[BlackElo "2538"]
[TimeControl "180+2"]
[EndTime "10:19:23 PST"]
[Termination "Game drawn by repetition"]

1. e4 c5 2. Nf3 e6 3. d4 cxd4 4. Nxd4 Nf6 5. Nc3 Nc6 6. Ndb5 Bb4 7. a3 Bxc3+ 8. Nxc3 O-O 9. Be2 d5 10. exd5 exd5 11.
O-O d4 12. Na2 Bf5 13. Nb4 Rc8 14. Bd3 Bg6 15. Bxg6 hxg6 16. Nd3 Re8 17. Bg5 Qd5 18. Bxf6 gxf6 19. Re1 Kg7 20. Qg4 Ne5 21. Nxe5 fxe5 22.
Re2 e4 23. Rd1 f5 24. Qf4 Qc4 25. Red2 Rcd8 26. h3 Qc5 27. a4 a5 28. b3 b6 29. Kh1 Re5 30. h4 Red5 31. g3 Qd6 32. Qg5 Qf6 33. Qf4 Qd6 34. Qg5 Rh8 35. Kg2 Rh5 36.
Qf4 Qxf4 37. gxf4 Rxh4 38. Rxd4 Rg4+ 39. Kf1 Rxd4 40. Rxd4 Rxf4 41. Ke2 Rf3 42. Rc4 Kh6 43. Rc6 Kg5 44. Rxb6 Rc3 45. Kd2 Rf3 46. Ke2 Rc3 47. Kd2 Rf3 48. Ke2 1/2-1/2

[Event "*** Titled Tuesday Blitz AM"]
[Site "Chess.com"]
[Date "2020.01.07"]
[Round "6"]
[White "sergeikim"]
[Black "GMCarbone"]
[Result "1/2-1/2"]
[WhiteElo "2437"]
[BlackElo "2266"]
[TimeControl "180+2"]
[EndTime "10:19:24 PST"]
[Termination "Game drawn by repetition"]

1. d4 Nf6 2. c4 g6 3. Nc3 d5 4. cxd5 Nxd5 5. e4 Nxc3 6. bxc3 Bg7 7. Bc4 c5 8. Ne2 Nc6 9. Be3 O-O 10. O-O Na5 11.
Bd3 b6 12. Qd2 e5 13. Bh6 cxd4 14. cxd4 exd4 15. Bxg7 Kxg7 16. f4 f6 17. f5 Nc6 18.
Nf4 gxf5 19. Rf3 Rg8 20. exf5 Ne5 21. Rg3+ Kf7 22. Ne6 Bxe6 23. fxe6+ Ke7 24. Rh3 Qd5 25. Rxh7+ Kxe6 26. Re1 Rg5 27. Be4 Qd8 28. Bxa8 Qxa8 29. Rh3 Kf7 30. Rg3 Rxg3 31. hxg3 Qd5 32. Qh6 d3 33.
Qh7+ Ke6 34. Qg8+ Kd6 35. Qd8+ Kc5 36. Rc1+ Kd4 37. Qc7 Ke4 38. Re1+ Kd4 39. Rc1 Ke4 40. Re1+ Kd4 41. Rc1 1/2-1/2

[Event "*** Titled Tuesday Blitz AM"]
[Site "Chess.com"]
[Date "2020.01.07"]
[Round "6"]
[White "zurzan"]
[Black "FearlessKing64"]
[Result "0-1"]
[WhiteElo "1960"]
[BlackElo "2343"]
[TimeControl "180+2"]
[EndTime "10:19:25 PST"]
[Termination "FearlessKing64 won by resignation"]

1. f4 d5 2. Nf3 g6 3. g3 Bg7 4. Bg2 c5 5. O-O Nc6 6. d3 Nh6 7. Qe1 Qb6 8. c3 f5 9. h3 O-O 10. Kh2 Nf7 11. e4 dxe4 12. dxe4 e5 13. exf5 Bxf5 14. Na3 Rae8 15. Qf2 exf4 16. Bxf4 Bd3 17. Rfe1 g5 18. Rxe8 Rxe8 19. Nxg5 Nxg5 20. Bxg5 Re2 21. Qf3 Qxb2 22. Rg1 Be4 23. Nc4 Bxf3 24. Nxb2 Rxb2 25. Be3 Rxg2+ 26. Rxg2 Bxg2 27. Kxg2 b6 28. Bd2 Kf7 29. Kf3 Ke6 30. Ke4 Ne5 31. Bf4 Nc4 32. Bb8 a5 33.
Bc7 Bxc3 34. Kd3 Be5 35. Kxc4 Bxc7 36. g4 Kd6 37. Kb5 Kd5 38. h4 c4 39. Ka4 b5+ 40.
Ka3 Bd6+ 41. Kb2 b4 42. Kc2 a4 43. g5 Be5 44. h5 b3+ 45. axb3 axb3+ 46. Kb1 c3 47. g6 hxg6 48. hxg6 Ke6 0-1

[Event "*** Titled Tuesday Blitz AM"]
[Site "Chess.com"]
[Date "2020.01.07"]
[Round "6"]
[White "hansen"]
[Black "temus_galaktionov"]
[Result "0-1"]
[WhiteElo "2891"]
[BlackElo "2751"]
[TimeControl "180+2"]
[EndTime "10:19:27 PST"]
[Termination "temus_galaktionov won by checkmate"]

1. d4 c6 2. c4 g6 3. Nc3 Bg7 4. e4 d6 5. Be3 Nd7 6. Nf3 e5 7. d5 c5 8. Nd2 Ne7 9. h4 h6 10.
Be2 O-O 11. g4 f5 12. f3 f4 13. Bf2 Nf6 14. a3 Bd7 15. b4 b6 16. Qb3 Rb8 17. Nb5 Nc8 18. a4 a6 19. Nc3 Qc7 20. Qa3 a5 21.
bxa5 bxa5 22. Nb5 Qd8 23. Qc3 Ra8 24. Nb3 Rf7 25. Kd1 Bxg4 26. fxg4 Nxe4 27. Qf3 Nxf2+ 28.
Qxf2 e4 29. Ra2 Qd7 30. g5 h5 31. Bf1 Qg4+ 32. Qe2 f3 33. Qe3 f2+ 34. Qe2 Rf3 35. Nd2 Re3 36. Qxg4 Re1+ 37. Kc2 hxg4 38. Nxe4 Rxe4 39. Kd3 Rf4 40. Ke3 Rf3+ 41. Ke4 Nb6 42. Nc7 Raf8 43. Ne6 R8f5 44. Nxg7 Re5# 0-1

[Event "*** Titled Tuesday Blitz AM"]
[Site "Chess.com"]
[Date "2020.01.07"]
[Round "6"]
[White "MFBerna"]
[Black "kleinebeer98"]
[Result "0-1"]
[WhiteElo "2463"]
[BlackElo "2681"]
[TimeControl "180+2"]
[EndTime "10:19:27 PST"]
[Termination "kleinebeer98 won by resignation"]

1. d4 Nf6 2. Nf3 e6 3. g3 b6 4. Bg2 Bb7 5. O-O Be7 6. c4 O-O 7. Nc3 Ne4 8. Nxe4 Bxe4 9. Re1 d5 10. b3 Bf6 11. Bb2 c5 12. Ne5 Bxg2 13. Kxg2 cxd4 14.
Bxd4 dxc4 15. bxc4 Qc7 16. Nf3 Rd8 17. Qa4 Bxd4 18.
Nxd4 Nd7 19. Qc6 Qe5 20. Nf3 Qc5 21. Qe4 Rac8 22. Red1 Qxc4 23. Qxc4 Rxc4 24. Ne5 Rc7 25. Rd6 Kf8 26. Rad1 Ke8 27. f4 h5 28. h3 g6 29.
g4 hxg4 30. hxg4 b5 31. g5 a5 32. Rh1 Ke7 33. Rhd1 Nxe5 34. Rxd8 Nc4 35. Rb8 Ne3+ 36. Kf3 Nxd1 37. Rxb5 Rc3+ 38. Ke4 Re3+ 39. Kd4 Rxe2 40. Rxa5 Rf2 41. Ra7+ Kf8 42. Ke5 Ne3 43. a4 Nd5 44. a5 Rxf4 45. a6 Ra4 46. Ra8+ Kg7 47. a7 Nc7 48.
Rc8 Rxa7 49. Kd6 Nd5 50. Ke5 Ra5 51. Kd6 Nb6 52. Rb8 Nc4+ 53. Ke7 Ra7+ 54. Ke8 Ra5 55. Rb4 Nd6+ 56. Ke7 Nf5+ 57. Ke8 e5 58. Rb1 e4 59. Rc1 e3 60. Rc7 Re5+ 61. Kd7 Re7+ 62. Kd8 Rxc7 63. Ke8 e2 64. Kd8 0-1

[Event "*** Titled Tuesday Blitz AM"]
[Site "Chess.com"]
[Date "2020.01.07"]
[Round "6"]
[White "Kirill_Kopenkin"]
[Black "angryhorse9"]
[Result "1-0"]
[WhiteElo "2465"]
[BlackElo "2252"]
[TimeControl "180+2"]
[EndTime "10:19:28 PST"]
[Termination "Kirill_Kopenkin won on time"]

1. e4 c5 2. Nf3 d6 3. d4 cxd4 4. Nxd4 Nf6 5. Nc3 Nc6 6. f3 e5 7.
Nb3 Be7 8. Be3 O-O 9. Qd2 a5 10. Bb5 Be6 11. Rd1 Qc7 12. O-O Rfc8 13. Na4 Nd7 14.
Qf2 Bd8 15. c3 h6 16. Rd2 Bg5 17. Rfd1 Be7 18. Bb6 Qb8 19. g3 Na7 20. Bf1 Nc6 21. f4 f6 22. f5 Bf7 23. g4 Re8 24. Bb5 Nxb6 25. Nxb6 Ra7 26. Bc4 a4 27. Bxf7+ Kxf7 28. Na1 a3 29. b3 Ra6 30. Nc2 Rc8 31. Nxc8 Qxc8 32. Ne3 Na5 33. Nd5 Bf8 34. c4 Rc6 35.
h4 b5 36. cxb5 Rc1 37. Qa7+ Kg8 38. Qxa5 Qc5+ 39. Kg2 Rxd1 40. Rxd1 Qc2+ 41. Qd2 Qxe4+ 42. Kg3 h5 43. Nxf6+ gxf6 44. Qd5+ Qxd5 45. Rxd5 Be7 46. b6 Bd8 47. Rxd6 1-0